[Event "ROU-ch Women 2018"]
[Site "Olanesti"]
[Date "2018.05.17"]
[Round "4"]
[White "Peptan, Corina-Isabela"]
[Black "Cosman, Andreea-Marioara"]
[Result "1-0"]
[ECO "A48"]
[WhiteElo "2393"]
[BlackElo "2130"]
[Annotator "NA"]
[PlyCount "107"]
[EventDate "2018.??.??"]
[EventType "swiss"]
[EventCountry "ROU"]
[SourceTitle "playchess.com"]
[Source "ChessBase"]
[SourceQuality "1"]
[TimeControl "40/5400+30:1800+30"]

1. d4 Nf6 2. Nf3 g6 3. Bf4 Bg7 4. e3 d6 5. h3 O-O 6. Be2 b6 7. O-O Bb7 8. a4 a6 9. Nbd2 {[%emt 0:04:48] A48: 1 d4 Nf6 2 Nf3 g6: Torre, London and Colle Systems} c5 (9... Nbd7 10. Bh2 Ne4 11. Nxe4 Bxe4 12. c3 e5 13. Nd2 Bb7 14. Bf3 Qc8 15. Qb3 Rb8 16. Rfd1 Re8 {½-½ (33) Howell,D (2676)-Demchenko,A (2660) Riadh 2017}) 10. c3 {[%emt 0:05:45] LiveBook: 63 Games} Ne4 11. Nxe4 Bxe4 12. d5 $146 ({Predecessor:} 12. Qb3 Nd7 13. Rfd1 Qc7 14. Rac1 Bb7 15. Nd2 Nf6 16. Bf3 Bxf3 17. Nxf3 {0-1 (68) Hoang,T (2439)-Mkrtchian,L (2376) Riadh 2017}) 12... Bxf3 13. Bxf3 Nd7 14. Be2 Nf6 15. Qb3 Qc7 16. Rfd1 Rfc8 17. c4 Rab8 18. Qc2 Qb7 19. e4 Ne8 20. Ra3 Nc7 21. Rb3 Rd8 22. Bg3 $14 Bd4 23. Kh2 e6 24. f4 exd5 25. cxd5 b5 26. axb5 Nxb5 27. Bc4 Re8 28. Re1 Qd7 29. e5 Kh8 30. Qd3 g5 31. e6 fxe6 32. dxe6 Qg7 33. f5 Rbd8 34. Bxb5 axb5 35. Qxb5 g4 36. h4 Qf6 37. Rf1 Be5 38. Bxe5 Qxe5+ 39. Kh1 Qf6 40. g3 d5 41. Qe2 d4 42. Rf4 Rd5 43. Qxg4 d3 44. Qh5 Rdd8 45. Rxd3 Rxd3 46. Qxe8+ Kg7 47. Kg2 Kh6 48. e7 Qxb2+ 49. Rf2 Rxg3+ 50. Kxg3 Qe5+ 51. Kg4 Qe4+ 52. Kg3 Qe3+ 53. Rf3 Qe5+ 54. Kh3 1-0

[Event "ROU-ch Women 2018"]
[Site "Olanesti"]
[Date "2018.05.17"]
[Round "4"]
[White "Dragomirescu, Angela"]
[Black "Cosma, Elena-Luminita"]
[Result "1/2-1/2"]
[ECO "D30"]
[WhiteElo "2272"]
[BlackElo "2331"]
[Annotator "NA"]
[PlyCount "45"]
[EventDate "2018.??.??"]
[EventType "swiss"]
[EventCountry "ROU"]
[SourceTitle "playchess.com"]
[Source "ChessBase"]
[SourceQuality "1"]
[TimeControl "40/5400+30:1800+30"]

1. d4 d5 2. c4 e6 3. Nf3 Nf6 4. g3 dxc4 5. Qa4+ Nbd7 6. Qxc4 a6 7. Qc2 b5 8. Bg2 Bb7 9. O-O c5 10. a4 h6 11. Be3 Rc8 12. dxc5 Bxc5 13. Bxc5 Rxc5 14. Qd2 O-O 15. axb5 axb5 16. b4 Rc8 17. Nc3 Ne4 18. Nxe4 Bxe4 $11 19. Rfd1 Nf6 20. Ne5 Qxd2 21. Rxd2 Bxg2 22. Kxg2 Nd5 23. Kg1 1/2-1/2

[Event "ROU-ch Women 2018"]
[Site "Olanesti"]
[Date "2018.05.17"]
[Round "4"]
[White "Sgircea, Silvia-Raluca"]
[Black "Sandu, Mihaela"]
[Result "1-0"]
[ECO "A16"]
[WhiteElo "2198"]
[BlackElo "2258"]
[Annotator "NA"]
[PlyCount "87"]
[EventDate "2018.??.??"]
[EventType "swiss"]
[EventCountry "ROU"]
[SourceTitle "playchess.com"]
[Source "ChessBase"]
[SourceQuality "1"]
[TimeControl "40/5400+30:1800+30"]

1. c4 Nf6 2. Nc3 g6 3. g3 Bg7 4. Bg2 d6 5. d3 e5 6. e3 O-O 7. Nge2 c6 {[%emt 0:10:15] A24: English Opening vs King's Indian: Lines without ...Nc6} (7... a5 8. O-O Re8 9. b3 h5 10. h3 Nbd7 11. Bb2 Nf8 12. Qd2 c6 13. e4 Ne6 14. Rad1 h4 15. g4 {1-0 (73) Rakhmanov,A (2667)-Naiditsch,A (2687) Tallinn 2016}) 8. e4 a6 {[%emt 0:02:14] LiveBook: 250 Games} 9. O-O b5 10. h3 Be6 11. b3 b4 12. Na4 Re8 $146 ({Predecessor:} 12... c5 13. f4 Bd7 14. Nb2 Nc6 15. f5 {1-0 (60) Martinez Alcantara,J (2295)-Gonzalez Perez,A (2494) Barcelona 2014}) 13. Be3 Nbd7 14. Qd2 a5 15. f4 exf4 16. gxf4 Qe7 (16... Nh5 $11) 17. Nd4 Rac8 18. Rae1 Nb8 19. Nxe6 Qxe6 20. c5 d5 21. Nb6 Rcd8 {[%emt 0:02:44] [#]} 22. exd5 ({Better is} 22. f5 $1 $16 Qe5 23. d4 Nxe4 24. dxe5 Nxd2 25. Bxd2 Bxe5 26. fxg6 hxg6 27. Bg5 Bd4+ 28. Kh2) 22... cxd5 23. f5 Qc6 $1 24. Qf2 Nbd7 $16 ({Better is} 24... Re5 $14) 25. fxg6 Ne5 26. gxf7+ Nxf7 27. Bd4 Rxe1 28. Rxe1 Nh5 29. Bxg7 Nxg7 30. d4 Qg6 31. Kh2 Kh8 32. Nxd5 Qh5 33. Nf6 Qg5 34. Be4 Ne6 35. Nxh7 Qg7 36. Nf6 Neg5 37. Qh4+ Qh6 38. Qxh6+ Nxh6 39. c6 Rf8 40. Nd7 Re8 41. Ne5 Nhf7 42. Bd5 Nd6 43. Nf7+ Ngxf7 44. Rxe8+ 1-0

[Event "ROU-ch Women 2018"]
[Site "Olanesti"]
[Date "2018.05.17"]
[Round "4"]
[White "Ciocan, Maria-Alexandra"]
[Black "Lehaci, Miruna-Daria"]
[Result "0-1"]
[ECO "C17"]
[WhiteElo "2021"]
[BlackElo "1905"]
[Annotator "NA"]
[PlyCount "128"]
[EventDate "2018.??.??"]
[EventType "swiss"]
[EventCountry "ROU"]
[SourceTitle "playchess.com"]
[Source "ChessBase"]
[SourceQuality "1"]
[TimeControl "40/5400+30:1800+30"]

1. e4 e6 2. d4 d5 3. Nc3 Bb4 4. e5 c5 5. Qg4 Ne7 6. dxc5 Nbc6 7. Bd2 Bxc5 (7... O-O $15) 8. Nf3 {[%emt 0:05:28] C17: French: 3 Nc3 Bb4 4 e5 c5 sidelines} a6 (8... O-O 9. Na4 Bb6 10. Nxb6 Qxb6 11. O-O-O f5 12. exf6 Rxf6 13. Qh5 e5 14. Bg5 Rf5 15. Nh4 g6 {1-0 (42) Efimov,I (2433)-Saiboulatov,D (2395) Novi Sad 2009}) 9. Bd3 Nb4 10. Qxg7 Nxd3+ $146 ({Predecessor:} 10... Rg8 11. Qxh7 Rxg2 12. O-O-O Nxd3+ 13. cxd3 Qc7 14. Ng5 {1-0 (23) Fabian,J (2258)-Torotto,A (2180) Slovakia 2000}) 11. cxd3 Ng6 12. Ng5 Qc7 13. O-O Bf8 14. Qf6 h6 15. Rac1 Qe7 16. Qxe7+ Bxe7 17. Nf3 Bd7 18. Ne2 Bb5 19. Rfd1 Bxd3 20. Ned4 Be4 21. Rc7 Rb8 22. a4 $11 Bd8 23. Rcc1 Be7 24. Bc3 Nf4 25. Ne1 Bc5 26. Kf1 Bg6 27. g3 Nh5 28. b4 Be7 29. Nd3 Ng7 30. b5 Nf5 31. bxa6 bxa6 32. Nc6 Ra8 33. a5 Bg5 34. Rb1 O-O 35. h4 Rfc8 36. Rb6 Bd8 37. Nxd8 Rxc3 38. Nc6 Nxg3+ 39. fxg3 Bxd3+ 40. Kf2 Bc4 41. g4 Rh3 42. h5 Rh2+ 43. Ke3 Re2+ 44. Kf4 Re4+ 45. Kg3 Rxg4+ 46. Kxg4 Be2+ 47. Kh4 Bxd1 48. Rb4 Be2 49. Rb2 Bc4 50. Rf2 Kg7 51. Rg2+ Kf8 52. Rf2 Bb5 53. Nd4 Bd7 54. Rb2 Rc8 55. Kg3 Rc4 56. Rb8+ Kg7 57. Nb3 Bb5 58. Kf2 Rh4 59. Nc5 Rxh5 60. Rb7 Rxe5 61. Rxb5 d4 62. Nxe6+ Rxe6 63. Rb6 d3 64. Rb3 Re5 {[%emt 0:01:09] Ke1} 0-1

[Event "ROU-ch Women 2018"]
[Site "Olanesti"]
[Date "2018.05.17"]
[Round "4"]
[White "Panainte, Andreea-Bianca"]
[Black "Ciolacu, Alessia-Mihaela"]
[Result "1/2-1/2"]
[ECO "C42"]
[WhiteElo "1894"]
[BlackElo "1843"]
[Annotator "NA"]
[PlyCount "103"]
[EventDate "2018.??.??"]
[EventType "swiss"]
[EventCountry "ROU"]
[SourceTitle "playchess.com"]
[Source "ChessBase"]
[SourceQuality "1"]
[TimeControl "40/5400+30:1800+30"]

1. e4 e5 2. Nf3 Nf6 3. Nxe5 d6 4. Nf3 Nxe4 5. Nc3 Nxc3 6. dxc3 Be7 7. Be3 O-O 8. Qd2 {[%emt 0:00:06] C42: Petroff Defence: 3 Nxe5 and unusual White 3rd moves} Nd7 9. Bd3 (9. O-O-O c6 10. Kb1 d5 11. c4 Nb6 12. cxd5 Nxd5 13. Bc4 Bf5 14. Bxd5 cxd5 15. Qxd5 Qc8 {0-1 (39) Robson,R (2660)-Caruana,F (2804) Saint Louis 2018}) 9... c6 10. Nd4 Ne5 11. O-O-O d5 $146 ({Predecessor:} 11... Qa5 12. Kb1 Nxd3 13. Qxd3 Re8 14. f3 Bf8 15. Bf4 Be6 16. a3 Qd5 17. Nxe6 Qxd3 18. cxd3 Rxe6 19. Rhe1 Rae8 20. Bg3 {½-½ (20) Murko,D (1634)-Zagorsek,D (1619) Ptuj 2012}) 12. f4 Nxd3+ 13. Qxd3 Qc7 14. Nf5 Bxf5 15. Qxf5 b5 16. Rd3 Bd6 17. Rf1 Rfe8 18. Bd4 Re4 19. Rdf3 Rae8 20. Qg4 f5 21. Qxf5 Qe7 22. Be5 (22. Rd1 $15) 22... Bxe5 23. fxe5 Rxe5 24. Qf7+ Qxf7 25. Rxf7 Re1+ 26. Rxe1 Rxe1+ 27. Kd2 {[%emt 0:00:02] [#]} Kxf7 (27... Rh1 $1 $17 28. Rxa7 Rxh2) 28. Kxe1 Ke6 29. Ke2 Ke5 $15 30. Ke3 c5 31. b3 a6 32. a3 a5 33. b4 cxb4 34. cxb4 d4+ 35. Kd2 axb4 36. axb4 Ke4 37. Ke2 g5 38. h3 Kf4 39. Kf2 h5 40. g3+ Kf5 41. Kf3 Ke5 42. Kf2 h4 43. gxh4 gxh4 44. Ke2 Ke4 45. Kd2 Kf4 46. Kd3 Kg3 47. Kxd4 Kxh3 48. c4 bxc4 49. Kxc4 Kg4 50. b5 h3 51. b6 h2 52. b7 1/2-1/2